 Dungeon Crawl Stone Soup version 0.17-a0-877-ga10078a (webtiles) character file.

176566 namelastname112 the Stormcaller (level 17, -3/150 HPs)
             Began as a Black Draconian Gladiator on Apr 30, 2015.
             Was an Initiate of Gozag.
             Slain by a naga warrior (5 damage)
             ... on level 3 of the Snake Pit.
             The game lasted 01:46:12 (54481 turns).

namelastname112 the Stormcaller (DrGl)             Turns: 54481, Time: 01:46:13

Health: -3/150     AC: 16    Str: 25    XL:     17   Next: 51%
Magic:  42/42      EV: 27    Int: 10    God:    Gozag
Gold:   187        SH:  0    Dex: 25    Spells: 3 memorised, 23 levels left

rFire  + + .     SeeInvis .     a - +3 lajatang (elec)
rCold  + . .     Clarity  .     (armour unavailable)
rNeg   + . .     SustAb   .     (no shield)
rPois  +         Gourm    .     H - +0 hat {MR+}
rElec  +         Spirit   .     N - +2 cloak {+Inv}
rCorr  +         Warding  +     z - +2 pair of gloves
rMut   .         Stasis   .     E - +0 pair of boots of True Grit {Str+6}
MR     ++++.                    F - amulet "Gunen" {Ward rF+ rN+ MR++}
Stlth  +++.......               D - ring "Ytrublob" {rPois MP+9 Str-4 Dex+5}
                                C - +4 ring of slaying

@: mighty, agile, resistant, flying, very slightly contaminated, hasted,
constricted, invisible, very quick, incredibly resistant to hostile
enchantments, fairly stealthy
A: breathe lightning, unfitting armour, big wings, clumsy 1, mutation resistance
1, electricity resistance, cold-blooded, AC +9
a: Breathe Lightning, Stop Flying, Potion Petition, Call Merchant, Bribe Branch,
Renounce Religion, Turn Visible


You were on level 3 of the Snake Pit.
You worshipped Gozag.
Gozag was noncommittal.
You were not hungry.

You visited 7 branches of the dungeon, and saw 36 of its levels.
You visited the Abyss 1 time.
You also visited: Sewer and Ice Cave.

You collected 13325 gold pieces.
You spent 3420 gold pieces at shops.
You paid 9706 gold pieces to Gozag.

Inventory:

Hand weapons
 a - a +3 lajatang of electrocution (weapon)
Armour
 z - a +2 pair of gloves (worn)
 E - the +0 pair of boots of True Grit (worn) {Str+6}
   (You found it on level 8 of the Dungeon)

   It affects your strength (+6).
 H - a +0 hat of magic resistance (worn)
 N - a +2 cloak of invisibility (worn)
Jewellery
 b - an uncursed ring of positive energy
 q - an uncursed ring of protection from cold
 v - an uncursed ring of protection from cold
 x - an uncursed ring of protection from magic
 C - a +4 ring of slaying (left hand)
 D - the ring "Ytrublob" (right hand) {rPois MP+9 Str-4 Dex+5}
   (You bought it in a shop on level 14 of the Dungeon)

   [ring of magical power]

   It affects your strength (-4).
   It affects your dexterity (+5).
   It protects you from poison.
   It affects your magic capacity (+9).
 F - the amulet "Gunen" (around neck) {Ward rF+ rN+ MR++}
   (You found it in an ice cave)

   [amulet of warding]

   It may prevent the melee attacks of summoned creatures.
   It protects you from fire.
   It protects you from negative energy.
   It affects your resistance to hostile enchantments.
 J - the ring of the Mage {Wiz MR++ Int+3}
   (You bought it in a shop on level 14 of the Dungeon)

   [ring of wizardry]

   It improves your spell success rate.
   It affects your intelligence (+3).
   It affects your resistance to hostile enchantments.
 S - a +3 ring of slaying
 W - an uncursed ring of wizardry
 Y - an uncursed ring of protection from cold
Magical devices
 c - a wand of fire (5)
 i - a wand of cold (7)
 j - a wand of fire (7)
 k - a wand of heal wounds (5)
 m - a wand of hasting (4)
 y - a wand of lightning (2)
 A - a wand of teleportation (5)
 P - a wand of disintegration (6)
Scrolls
 e - 14 scrolls of remove curse
 g - 2 scrolls of magic mapping
 n - a scroll of blinking
 o - a scroll of summoning
 r - 2 scrolls of fear
 w - 10 scrolls of teleportation
 B - a scroll of amnesia
 I - a scroll of fog
 M - a scroll of vulnerability {unknown}
 Q - 8 scrolls of identify
 T - 9 scrolls of recharging
Potions
 h - 8 potions of magic
 l - a potion of cure mutation
 p - 2 potions of brilliance
 t - 4 potions of might
 u - 5 potions of curing
 G - 2 potions of heal wounds
 K - 3 potions of invisibility
 L - 2 potions of cancellation
 O - 2 potions of haste
 R - a potion of agility
Books
 f - a book of Ice

   Spells                             Type                      Level
   a - Ice Form                       Ice/Transmutation            4
   b - Metabolic Englaciation         Hexes/Ice                    5
   c - Ozocubu's Refrigeration        Ice                          6
   d - Bolt of Cold                   Conjuration/Ice              6
   e - Freezing Cloud                 Conjuration/Ice/Air          6
   f - Simulacrum                     Ice/Necromancy               6
Miscellaneous
 s - a lamp of fire
 V - a sack of spiders {used: 1}
Comestibles
 d - 3 bread rations
 U - a meat ration
 Z - 3 fruits


   Skills:
 + Level 13.4 Fighting
 + Level 15.2 Staves
 - Level 1.7 Throwing
 + Level 11.7 Dodging
 - Level 12.1 Spellcasting
 - Level 13.1 Conjurations
 - Level 15.3 Air Magic


You had 23 spell levels left.
You knew the following spells:

 Your Spells              Type           Power        Failure   Level  Hunger
a - Conjure Ball Lightni  Conj/Air       ####......   6%          6    #######
b - Lightning Bolt        Conj/Air       ####......   1%          5    #####..
c - Deflect Missiles      Chrm/Air       ###.......   78%         6    #######


Dungeon Overview and Level Annotations

Branches:
Dungeon (15/15)            Temple (1/1) D:7            Lair (8/8) D:8
  Swamp (2/4) Lair:5        Snake (3/4) Lair:5        Slime (0/6) Lair:6
    Orc (4/4) D:12            Elf (3/3) Orc:3        Vaults (0/5) D:14
 Depths (0/5) D:15

Altars:
Cheibriados
Dithmenos
Fedhas
Gozag
Makhleb
Nemelex Xobeh
Qazlal
Ru
Sif Muna
Trog
Yredelemnul
Zin
The Shining One
Beogh
Jiyva

Shops:
D:6 *   D:11 [:   D:12 (   D:13 *   D:14 =   D:15 [   Orc:1 }   Orc:4 *:[(
Elf:2 !   Vaults:1 %   Vaults:2 (

Portals:
Hell: Lair:8
Trove: D:12 (show slimy rune of Zot)

Annotations:
D:5 quik's ghost, experienced VSIE
D:6 namelastname112's ghost, experienced DrGl
Lair:6 exclusion: oklob plant
Snake:3 Vashnia
Elf:2 2 runed doors, Jorgrun


Innate Abilities, Weirdness & Mutations

You can breathe wild blasts of lightning.
Your glossy black scales are hard (AC +9).
Your body does not fit into most forms of armour.
Your large and strong wings let you fly indefinitely.
You are resistant to electric shocks.
You are cold-blooded and may be slowed by cold attacks.
You are clumsy. (Dex -2)
You are somewhat resistant to further mutation.


Message History

Your tail-slap passes through Vashnia as she momentarily phases out.
Vashnia is moderately wounded.
The guardian serpent closely misses you.
You slash Vashnia!
There is a sudden explosion of sparks!
Vashnia is heavily wounded.
The naga mage hits you from afar with a halberd of flaming!
* * * LOW HITPOINT WARNING * * *
The naga mage burns you.
* * * LOW HITPOINT WARNING * * *
The salamander hits you but does no damage.
The naga sharpshooter mumbles some strange words.
The naga sharpshooter magically shoots a bolt.
The bolt hits you!
* * * LOW HITPOINT WARNING * * *
The bolt burns you.
* * * LOW HITPOINT WARNING * * *
The naga warrior hits you!
* * * LOW HITPOINT WARNING * * *
You die...
Your body crumbles into a pile of gold.

.# .# ###.###S
#........ .
#..?..... ...####
##.......
N.....$.#####NN..#
..N.....((.NS@N#
............(NN#
...###.#####..# .
#. #..# N. #..#
... #..# #... #..#
#... #..# . ....


You could see Vashnia, a naga warrior, 2 naga sharpshooters, a salamander, a
guardian serpent and a naga mage.

Vanquished Creatures
  Frances (D:12)
  A frost giant (IceCv)
  An orc warlord (Orc:4)
  A greater naga (Snake:2)
  A deep elf sorcerer (Elf:1)
  2 dire elephants (Lair:8)
  Azrael (Elf:1)
  An ettin (Orc:3)
  8 vault guards (D:14)
  A yaktaur captain (D:15)
  Josephine (Lair:5)
  4 naga warriors (Snake:2)
  17 hydras
  2 anacondas
  A catoblepas (D:13)
  4 dancing weapons (Elf:2)
  6 centaur warriors
  An alligator (Swamp:1)
  7 death yaks
  An orc high priest (Orc:4)
  3 shock serpents
  A naga sharpshooter (Snake:1)
  Sonja (Lair:3)
  7 deep elf knights
  A sun demon (Lair:8)
  A salamander mystic (Snake:2)
  3 skeletal warriors (D:14)
  2 naga ritualists
  A spriggan druid (Swamp:1)
  A swamp dragon (Swamp:1)
  3 unseen horrors
  An ice statue (IceCv)
  5 hill giants
  6 deep elf summoners
  A wizard (Lair:8)
  11 deep elf conjurers
  5 orc knights
  4 orc sorcerers
  7 mana vipers
  A sixfirhy (Lair:8)
  6 griffons
  A guardian serpent (Snake:2)
  5 salamanders
  17 ugly things
  10 elephants
  5 cyclopes
  3 naga magi
  Joseph (D:8)
  20 black mambas
  An efreet (D:13)
  2 molten gargoyles (Lair:7)
  A smoke demon (Lair:8)
  Psyche (D:12)
  A torpor snail (Lair:7)
  4 orange demons
  3 gargoyles
  11 spiny frogs
  13 komodo dragons
  10 trolls
  4 kobold demonologists
  A demonic crawler (Elf:2)
  A spiny frog (shapeshifter) (Elf:1)
  A queen bee (D:10)
  8 deep elf priests
  4 blue devils (Lair:8)
  2 yaktaurs (D:15)
  4 fire drakes
  A freezing wraith (D:14)
  3 baby alligators (Swamp:1)
  16 polar bears
  2 red devils
  4 slime creatures
  2 giant leeches (Swamp:1)
  A trapdoor spider zombie (D:10)
  A boulder beetle (Lair:2)
  2 two-headed ogres
  20 blink frogs
  2 shadows
  63 yaks
  A trapdoor spider (D:14)
  A redback (Elf:1)
  A yak (shapeshifter) (Elf:1)
  20 deep elf magi
  A spriggan (Swamp:1)
  A hungry ghost (D:7)
  4 basilisks
  2 fire elementals (Elf:1)
  13 hippogriffs
  5 wraiths
  The ghost of hornqvist the Ducker, an average DsGl of Gozag (D:4)
  12 deep elf fighters
  5 vampire mosquitoes
  33 wolves
  7 wargs
  A harpy simulacrum (D:15)
  A mottled dragon (D:8)
  6 swamp worms
  12 nagas
  16 porcupines
  5 hell hounds
  21 water moccasins
  2 swamp drakes (Swamp:1)
  2 phantoms
  3 black bears
  7 ice beasts
  Purgy (Sewer)
  2 wasps
  A sky beast (D:11)
  20 crocodiles
  12 ogres
  3 eyes of draining
  19 centaurs
  26 orc warriors
  5 boring beetles (Lair:8)
  18 big kobolds
  18 giant frogs
  2 gnoll sergeants
  A wyvern skeleton (D:6)
  7 wights
  6 scorpions
  19 killer bees
  3 electric eels
  5 centaur zombies
  2 jellies
  4 crimson imps
  6 hounds
  5 lava snakes (Lair:7)
  8 centaur skeletons
  A giant frog skeleton (D:13)
  27 orc priests
  2 quasits
  31 orc wizards
  6 hell rats (Lair:7)
  7 worker ants
  16 iguanas
  A killer bee zombie (D:10)
  40 sheep
  23 adders
  14 gnolls
  26 river rats
  4 shadow imps
  12 white imps (Lair:4)
  An ufetubus (D:14)
  4 oozes
  3 adder skeletons
  4 worms
  7 giant geckos
  150 orcs
  6 ball pythons
  15 bats
  2 bat skeletons
  A bat zombie (D:7)
  3 giant cockroaches
  19 goblins
  24 hobgoblins
  36 kobolds
  4 quokkas
  A giant gecko zombie (D:9)
  8 giant newts
  A giant spore (D:14)
  5 jackals
  2 jackal skeletons
  19 rats
  8 ballistomycetes (D:14)
  3 fungi
1296 creatures vanquished.

Vanquished Creatures (collateral kills)
  A killer bee (D:7)
1 creature vanquished.

Vanquished Creatures (others)
  A deep elf knight (Elf:2)
  86 ball lightnings
  2 deep elf fighters (Elf:2)
  2 spiders
  A sky beast (D:14)
  A killer bee (D:7)
  A sheep (Lair:2)
  3 giant spores (D:14)
  4 ballistomycetes (D:14)
  2 bushes (Lair:3)
  11 fungi
  8 plants
122 creatures vanquished.

Grand Total: 1419 creatures vanquished

Notes
Turn   | Place    | Note
--------------------------------------------------------------
     0 | D:1      | namelastname112, the Draconian Gladiator, began the quest for the Orb.
     0 | D:1      | Reached XP level 1. HP: 17/17 MP: 1/1
   338 | D:1      | Reached XP level 2. HP: 19/24 MP: 2/2
   870 | D:2      | Reached XP level 3. HP: 24/30 MP: 3/3
  1169 | D:2      | Reached skill level 4 in Staves
  1376 | D:2      | Found a shadowy altar of Dithmenos.
  1526 | D:3      | Reached XP level 4. HP: 37/37 MP: 4/4
  1934 | D:3      | Found a roughly hewn altar of Beogh.
  2153 | D:3      | Reached XP level 5. HP: 17/45 MP: 5/5
  2292 | D:3      | Reached skill level 5 in Staves
  2395 | D:3      | Noticed a giant frog
  2408 | D:3      | Killed a giant frog
  2648 | D:3      | Reached XP level 6. HP: 52/52 MP: 6/6
  2904 | D:4      | Noticed hornqvist's ghost (average DsGl)
  3200 | D:4      | Reached skill level 6 in Staves
  3484 | D:4      | Your scales start taking on a glossy black colour.
  3484 | D:4      | Gained mutation: You are resistant to electric shocks. [Black Draconian growth]
  3484 | D:4      | Reached XP level 7. HP: 55/60 MP: 7/7
  3917 | D:4      | Killed hornqvist's ghost
  3917 | D:4      | Reached skill level 5 in Fighting
  4122 | D:4      | Reached skill level 7 in Staves
  4489 | D:4      | Reached skill level 5 in Dodging
  4489 | D:4      | Reached XP level 8. HP: 50/68 MP: 8/8
  4550 | D:5      | Entered Level 5 of the Dungeon
  4603 | D:5      | Found a glowing drain.
  4630 | Sewer    | Entered a sewer
  4775 | Sewer    | Noticed Purgy
  4798 | Sewer    | Killed Purgy
  5077 | D:5      | Found a glowing golden altar of the Shining One.
  5103 | D:5      | Reached skill level 8 in Staves
  5147 | D:5      | Noticed quik's ghost (experienced VSIE)
  5536 | D:6      | Noticed namelastname112's ghost (experienced DrGl)
  6051 | D:6      | Found Omobe's General Store.
  6465 | D:6      | Reached skill level 9 in Staves
  7250 | D:7      | Found a staircase to the Ecumenical Temple.
  7258 | D:7      | Found a deep blue altar of Sif Muna.
  7263 | Temple   | Entered the Ecumenical Temple
  7273 | Temple   | Became a worshipper of Gozag Ym Sagoz the Greedy
  7419 | D:7      | Reached XP level 9. HP: 67/78 MP: 9/9
  8551 | D:7      | Reached skill level 10 in Staves
  9010 | D:8      | Noticed Joseph
  9022 | D:8      | Killed Joseph
  9658 | D:8      | Noticed a komodo dragon
  9673 | D:8      | Killed a komodo dragon
  9673 | D:8      | Reached XP level 10. HP: 47/88 MP: 10/10
 10183 | D:8      | Got a transparent falchion
 10483 | D:8      | Found a staircase to the Lair.
 10491 | D:8      | Got a pair of smoking boots
 10502 | D:8      | Identified the cursed +0 pair of boots of True Grit {Str+6} (You found it on level 8 of the Dungeon)
 10697 | D:9      | Reached skill level 11 in Staves
 11488 | D:9      | Found a snail-covered altar of Cheibriados.
 11488 | D:9      | Found a blossoming altar of Fedhas.
 11573 | D:9      | Found a bloodstained altar of Trog.
 11792 | D:10     | Entered Level 10 of the Dungeon
 11832 | D:10     | Killed an unseen horror
 12233 | D:10     | Noticed a hill giant
 12267 | D:10     | Killed a hill giant
 12478 | D:10     | Noticed a hill giant
 12489 | D:10     | Killed a hill giant
 12489 | D:10     | HP: 3/91 [bounced beam (6)]
 12509 | D:10     | Reached skill level 12 in Staves
 13266 | D:10     | Reached XP level 11. HP: 56/97 MP: 11/11
 14137 | D:11     | Found Xyehucot's Armour Emporium.
 14145 | D:11     | Bought a +2 cloak of invisibility for 301 gold pieces
 14936 | D:11     | Found Kiggaf's Book Shop.
 15147 | D:11     | Reached skill level 10 in Fighting
 15378 | D:11     | Reached skill level 13 in Staves
 15478 | D:11     | Learned a level 6 spell: Conjure Ball Lightning
 15720 | Lair:1   | Entered Level 1 of the Lair of Beasts
 15864 | Lair:1   | Reached skill level 1 in Spellcasting
 15864 | Lair:1   | Reached skill level 1 in Conjurations
 15864 | Lair:1   | Reached skill level 1 in Air Magic
 16153 | Lair:1   | Noticed an eight-headed hydra
 16174 | Lair:1   | Killed an eight-headed hydra
 17732 | Lair:1   | Reached XP level 12. HP: 73/106 MP: 17/17
 17998 | Lair:2   | Reached skill level 5 in Air Magic
 18554 | Lair:2   | Noticed a six-headed hydra
 18571 | Lair:2   | Killed a six-headed hydra
 18929 | Lair:2   | Noticed a seven-headed hydra
 18955 | Lair:2   | Killed a seven-headed hydra
 19278 | Lair:2   | Reached skill level 5 in Conjurations
 19685 | Lair:2   | Reached skill level 5 in Spellcasting
 19826 | Lair:1   | Gained mutation: You are somewhat resistant to further mutation. [potion of mutation]
 19826 | Lair:1   | Gained mutation: You are clumsy. (Dex -2) [potion of mutation]
 19829 | Lair:1   | Identified a scroll of acquirement
 20403 | Lair:3   | Noticed a five-headed hydra
 21002 | Lair:4   | Found a frozen archway.
 21037 | IceCv    | Entered an ice cave
 21489 | IceCv    | Got a wavering lead amulet
 21491 | IceCv    | Identified the amulet "Gunen" {Ward rF+ rN+ MR++} (You found it in an ice cave)
 21722 | IceCv    | Reached XP level 13. HP: 79/113 MP: 23/23
 22471 | IceCv    | Noticed a frost giant
 22505 | IceCv    | Killed a frost giant
 22887 | Lair:4   | Found a staircase to the Shoals.
 22959 | Lair:4   | Reached skill level 10 in Air Magic
 23975 | Lair:5   | Found a staircase to the Snake Pit.
 23978 | Lair:5   | Cast into the Abyss (naga)
 24016 | Lair:5   | Escaped the Abyss
 24411 | Lair:5   | Noticed Josephine
 24421 | Lair:5   | Killed Josephine
 24558 | Lair:5   | Found a staircase to the Swamp.
 25160 | Lair:6   | Found a viscous altar of Jiyva.
 25161 | Lair:6   | Found a staircase to the Slime Pits.
 25285 | Lair:6   | Got a shimmering copper amulet
 25697 | Lair:7   | Gained mutation: Your large and strong wings let you fly indefinitely. [Black Draconian growth]
 25697 | Lair:7   | Reached XP level 14. HP: 68/121 MP: 27/27
 26008 | Lair:7   | Reached skill level 10 in Conjurations
 26447 | Lair:7   | Identified the amulet "Kienn" {rMut -Tele +Fly rN+} (You found it on level 6 of the Lair of Beasts)
 28084 | Lair:8   | Entered Level 8 of the Lair of Beasts
 28267 | Lair:8   | Reached skill level 10 in Spellcasting
 29540 | Lair:8   | Got a translucent halberd
 29541 | Lair:8   | Identified the +6 halberd of Propriety {drain, rElec rPois rC- Str+4} (You found it on level 8 of the Lair of Beasts)
 29972 | Lair:8   | Found a burning altar of Makhleb.
 30282 | Lair:8   | Found a gateway to Hell.
 30883 | Lair:3   | Noticed Sonja
 30893 | Lair:3   | Killed Sonja
 30893 | Lair:3   | Reached XP level 15. HP: 119/126 MP: 23/29
 30900 | Lair:3   | Noticed a five-headed hydra
 31365 | Lair:3   | Killed a five-headed hydra
 31625 | Lair:3   | Learned a level 5 spell: Lightning Bolt
 31632 | Lair:3   | Learned a level 6 spell: Deflect Missiles
 32221 | D:12     | Found a snail-covered altar of Cheibriados.
 32231 | D:12     | Found a staircase to the Orcish Mines.
 32298 | D:12     | Found Xoadax's Weapon Shoppe.
 32387 | D:12     | Found a portal to a secret trove of treasure.
 32473 | D:12     | Noticed Frances
 32480 | D:12     | Killed Frances
 32508 | D:12     | Reached skill level 14 in Air Magic
 32979 | D:12     | Noticed Psyche
 32986 | D:12     | Killed Psyche
 33313 | Orc:1    | Entered Level 1 of the Orcish Mines
 33410 | Orc:1    | Found Mixeuwk's Quality Used Wands.
 34275 | Orc:3    | HP: 6/126 [ettin/dire flail (30)]
 34677 | Orc:3    | Found a roughly hewn altar of Beogh.
 35334 | Orc:4    | Entered Level 4 of the Orcish Mines
 35493 | Orc:3    | Found a staircase to the Elven Halls.
 36267 | Orc:4    | Found a roughly hewn altar of Beogh.
 36829 | Orc:4    | Found Ryph's Antique Armour Shoppe.
 36841 | Orc:4    | Found Araff's General Store.
 37109 | Orc:4    | Found Noimiufy's Book Shoppe.
 37261 | Orc:4    | Found Voonai's Antique Weapon Shoppe.
 37367 | D:13     | Found Siha's General Store.
 37373 | D:13     | Bought a wand of heal wounds (5) for 810 gold pieces
 38394 | D:14     | Found Sudybink's Jewellery Emporium.
 38519 | D:14     | Reached skill level 15 in Air Magic
 39453 | D:14     | Found a gate to the Vaults.
 40223 | D:14     | Reached XP level 16. HP: 52/134 MP: 32/32
 40332 | D:15     | Entered Level 15 of the Dungeon
 43969 | D:15     | Found Zyale's Antique Armour Shoppe.
 43991 | D:15     | Bought a pair of embroidered gloves for 144 gold pieces
 43991 | D:15     | Bought a pair of glowing boots for 144 gold pieces
 43991 | D:15     | Bought a glowing hat for 128 gold pieces
 44139 | D:15     | Found a blossoming altar of Fedhas.
 44285 | D:15     | Found a staircase to the Depths.
 44355 | D:15     | Reached skill level 10 in Dodging
 45271 | Elf:1    | Entered Level 1 of the Elven Halls
 45751 | Elf:1    | Noticed Azrael
 45752 | Elf:1    | Found a burning altar of Makhleb.
 45766 | Elf:1    | Killed Azrael
 46895 | Elf:2    | Noticed Jorgrun
 47191 | Elf:2    | Found Niemusky's Distillery.
 47195 | Elf:2    | Bought a potion of heal wounds for 70 gold pieces
 47195 | Elf:2    | Bought a potion of curing for 42 gold pieces
 47195 | Elf:2    | Bought a potion of heal wounds for 70 gold pieces
 48080 | Elf:2    | Found a runed door.
 48108 | Elf:2    | Reached XP level 17. HP: 122/148 MP: 33/33
 48111 | Elf:2    | Found a runed door.
 48240 | Elf:3    | Entered Level 3 of the Elven Halls
 48443 | D:13     | Bought a bread ration for 75 gold pieces
 48443 | D:13     | Bought a beef jerky for 22 gold pieces
 48807 | Swamp:1  | Entered Level 1 of the Swamp
 49245 | Swamp:1  | HP: 7/148 [poisoned by a swamp dragon (poison gas)]
 49250 | Swamp:1  | HP: 5/148 [poisoned by a swamp dragon (poison gas)]
 49256 | Swamp:1  | HP: 3/148 [poisoned by a swamp dragon (poison gas)]
 49261 | Swamp:1  | HP: 3/148 [poisoned by a swamp dragon (poison gas)]
 49268 | Swamp:1  | HP: 3/148 [poisoned by a swamp dragon (poison gas)]
 49276 | Swamp:1  | HP: 4/148 [poisoned by a swamp dragon (poison gas)]
 51157 | D:14     | Bought the ring "Ytrublob" {rPois MP+9 Str-4 Dex+5} for 632 gold pieces
 51157 | D:14     | Bought the ring of the Mage {Wiz MR++ Int+3} for 982 gold pieces
 51519 | Snake:1  | Entered Level 1 of the Snake Pit
 53302 | Snake:2  | Reached skill level 15 in Staves
 54470 | Snake:3  | Noticed Vashnia
 54481 | Snake:3  | HP: 2/150 [naga warrior (12)]
 54481 | Snake:3  | Slain by a naga warrior

Action                   |  1- 3 |  4- 6 |  7- 9 | 10-12 | 13-15 | 16-18 || total
-------------------------+-------+-------+-------+-------+-------+-------++-------
Melee: Quarterstaff      |   120 |   177 |   517 |   891 |       |       ||  1705
       Lajatang          |       |       |       |   219 |  1688 |   971 ||  2878
Throw: Throwing net      |       |       |       |     5 |       |       ||     5
 Cast: Conjure Ball Ligh |       |       |       |       |    41 |     8 ||    49
       Lightning Bolt    |       |       |       |       |       |    12 ||    12
Invok: Call Merchant     |       |       |       |     2 |     4 |       ||     6
       Potion Petition   |       |       |       |     2 |     3 |     5 ||    10
 Abil: Breathe Lightning |       |       |     7 |     4 |     2 |       ||    13
       Evoke Invisibilit |       |       |       |     1 |       |       ||     1
       Fly               |       |       |       |       |     1 |       ||     1
Evoke: Wand              |       |       |     3 |     4 |     7 |     2 ||    16
       Deck              |       |       |       |    13 |       |       ||    13
       Sack of spiders   |       |       |       |     1 |     2 |       ||     3
       Lamp of fire      |       |       |       |     1 |       |       ||     1
  Use: Scroll            |       |     9 |     1 |    15 |     8 |     5 ||    38
       Potion            |       |       |     4 |     3 |     5 |     6 ||    18
 Stab: Invisible         |       |       |     2 |     7 |       |       ||     9
       Sleeping          |       |       |     2 |     2 |     4 |       ||     8
       Distracted        |       |       |     1 |    14 |    20 |     5 ||    40
       Held in net/web   |       |       |       |     2 |       |       ||     2
  Eat: Chunk             |     1 |     6 |     9 |       |       |       ||    16
       Beef jerky        |       |     1 |     2 |     4 |     2 |     2 ||    11
       Pizza             |       |       |     1 |     5 |     2 |     1 ||     9
       Fruit             |       |       |     1 |     1 |     1 |       ||     3
       Meat ration       |       |       |     2 |     3 |    12 |     3 ||    20
       Royal jelly       |       |       |       |     8 |     2 |     1 ||    11
       Bread ration      |       |       |       |     1 |     1 |     7 ||     9
